 Dungeon Crawl Stone Soup version 0.29.1-15-g9cfb28693d (webtiles) character file.

Game seed: 1975728238141019511

25 pokedragonboy the Sneak (level 2, 0/15 HPs)
             Began as a Vampire Enchanter on Mar 10, 2023.
             Slain by a kobold
             ... wielding a +1 short sword of speed
              (4 damage)
             ... on level 1 of the Dungeon.
             The game lasted 00:03:39 (1134 turns).

pokedragonboy the Sneak (Vampire Enchanter)         Turns: 1134, Time: 00:03:40

Health: 0/15       AC:  3    Str:  7    XL:     2   Next: 82%
Magic:  2/5        EV: 12    Int: 17    God:
Gold:   41         SH:  0    Dex: 14    Spells: 3/5 levels left

rFire   . . .      SeeInvis +   a - +1 dagger
rCold   + + .      Faith    .   (no shield)
rNeg    + + +      Spirit   .   b - +0 robe
rPois   ∞          Reflect  .   (no helmet)
rElec   .          Harm     .   (no cloak)
rCorr   .          Rampage  .   d - +0 pair of gloves
Will    .....                   (no boots)
Stlth   +++++.....              (no amulet)
HPRegen 0.00/turn               (no ring)
MPRegen 0.09/turn               (no ring)

@: bloodless, inhibited regen, invisible
A: bloodless, fangs 3, see invisible, vampiric 1
a: Revivify


You were on level 1 of the Dungeon.
You visited 1 branch of the dungeon, and saw 1 of its levels.

You collected 41 gold pieces.

Inventory:

Hand Weapons
 a - a +1 dagger (weapon)
Armour
 b - a +0 robe (worn)
 d - a +0 pair of gloves (worn)
Scrolls
 e - a scroll of enchant armour {unknown}
Potions
 c - a potion of invisibility
 f - a potion of heal wounds {unknown}
 g - a potion of mutation {unknown}
 h - a potion of degeneration {unknown}
 i - 2 potions of might {unknown}
 j - a potion of berserk rage {unknown}
 k - a potion of curing {unknown}


   Skills:
 * Level 2.1 Short Blades
 + Level 2.5 Dodging
 * Level 5.2 Stealth
 - Level 2.0 Spellcasting
 - Level 4.4 Hexes


You had 3 spell levels left.
You knew the following spells:

 Your Spells              Type           Power      Damage    Failure   Level
a - Ensorcelled Hibernat  Hex/Ice        18%        N/A       12%         2

Your spell library contained the following spells:

 Spells                   Type           Power      Damage    Failure   Level
 Confusing Touch          Hex            16%        N/A       10%         3
 Tukima's Dance           Hex            16%        N/A       10%         3
 Dazzling Flash           Conj/Hex       18%        N/A       24%         3


Dungeon Overview and Level Annotations

Branches:
Dungeon (1/15)

Altars:


Innate Abilities, Weirdness & Mutations

You do not regenerate when monsters are visible.
You are frail without blood (-20% HP).
You can heal yourself when you bite living creatures.
You are immune to poison.
You have razor-sharp teeth.
You have supernaturally acute eyesight. (SInv)
You are afflicted with vampirism.


Message History

Press: ? - help, Shift-Dir - straight line, f - jackal
Aim: a jackal (chance to affect: 61%)
The jackal resists with significant effort.
The jackal barely misses you.
Casting: Ensorcelled Hibernation (safe; 12% risk of failure)
Confirm with . or Enter, or press ? or * to list all spells.
You don't have enough magic to cast this spell.
Casting: Ensorcelled Hibernation (safe; 12% risk of failure)
Confirm with . or Enter, or press ? or * to list all spells.
You don't have enough magic to cast this spell.
Unknown command.
You miss the jackal. The jackal barely misses you.
You closely miss the jackal. The jackal bites you.
The jackal barely misses you.
You closely miss the jackal. The jackal barely misses you.
You hit the jackal but do no damage.
The jackal bites you but does no damage.
You hit the jackal. You bite the jackal, but do no damage.
The jackal is heavily wounded.
The jackal bites you.
Casting: Ensorcelled Hibernation (safe; 12% risk of failure)
Confirm with . or Enter, or press ? or * to list all spells.
You don't have enough magic to cast this spell.
You fade into invisibility!
The jackal bites you.
* * * LOW HITPOINT WARNING * * *
The jackal closely misses you.
You hit the jackal.
The jackal is severely wounded.
You hit the jackal but do no damage.
The jackal is heavily wounded.
You catch the helpless jackal completely off-guard!
You bite the jackal, and draw its blood!
You feel better.
You puncture the jackal!
You kill the jackal!
You barely miss the kobold. The kobold closely misses you.
The kobold barely misses you.
You barely miss the kobold.
The kobold hits you with a +1 short sword of speed.
You die...

##..#.###.# ##.#.# #.#
#.#.# #.# #+# #.#.#
#.# ####.### #.#.# #.#
..h...K### #.#.###.#
##..h....# #.......#
#.....#)########.#####
.......#.......K@.#
###....############
......# ########


You could see a kobold (unable to see you).

Vanquished Creatures
  A dart slug (D:1)
  2 ball pythons (D:1)
  An endoplasm (D:1)
  6 goblins (D:1)
  A hobgoblin (D:1)
  2 jackals (D:1)
  2 kobolds (D:1)
  A quokka (D:1)
  2 frilled lizards (D:1)
  3 rats (D:1)
21 creatures vanquished.

Vanquished Creatures (others)
  A plant (D:1)
1 creature vanquished.

Grand Total: 22 creatures vanquished

Notes
Turn   | Place    | Note
-------+----------+-------------------------------------------
     0 | D:1      | pokedragonboy the Vampire Enchanter began the quest for the
                  | Orb.
     0 | D:1      | Reached XP level 1. HP: 13/13 MP: 3/3
   501 | D:1      | Reached XP level 2. HP: 15/15 MP: 5/5
   506 | D:1      | Learned a level 2 spell: Ensorcelled Hibernation
   647 | D:1      | Reached skill level 5 in Stealth
   683 | D:1      | Found a faded altar of an unknown god.
  1134 | D:1      | Slain by a kobold

Illustrated notes

Levels and vault maps discovered:
D:1:      lemuel_arrival_lava_pool, layout_loops_corners,
          shapermc_ecumenical_altar_mp_urbaneastern

Skill      XL: |  1  2 |
---------------+-------+-----
Stealth        | 5 |  5.2
Short Blades   | 2 |  2.1
Dodging        | |  2.5
Spellcasting   | |  2.0
Hexes          | |  4.4

Action                   || total
-------------------------++-------
Melee: Dagger            ||    77
       Bite              ||     7
 Cast: Ensorcelled Hiber ||     2
 Abil: Exsanguinate      ||     1
  Use: Potion            ||     1
 Stab: Sleeping          ||    11
       Invisible         ||     1
Armor: Robe              ||    14
Dodge: Dodged            ||    38
